 Dungeon Crawl Stone Soup version 0.31-a0-1308-ga3cce3a448 (webtiles) character file.

Game seed: 2058453788441135210

18 dialectric the Poker (level 2, 0/19 HPs)
             Began as an Octopode Gladiator on Dec 19, 2023.
             Slain by a jackal (2 damage)
             ... on level 1 of the Dungeon.
             The game lasted 00:00:10 (75 turns).

dialectric the Poker (Octopode Gladiator)             Turns: 75, Time: 00:00:10

Health: 0/19       AC:  1    Str: 13    XL:     2   Next: 70%
Magic:  2/2        EV: 14    Int: 10    God:
Gold:   0          SH:  0    Dex: 13    Spells: 1/1 levels left

rFire   . . .        a - +0 trident
rCold   . . .        (no shield)
rNeg    . . .        b - +0 hat
rPois   .            (no amulet)
rElec   .            (no ring)
rCorr   .            (no ring)
SInv    .            (no ring)
Will    .....        (no ring)
Stlth   ++           (no ring)
HPRegen 0.23/turn    (no ring)
MPRegen 0.08/turn    (no ring)
                     (no ring)

%: no passive effects
@: no status effects
A: almost no armour, amphibious, 8 rings, camouflage 1, gelatinous body 1,
(nimble swimmer 1), tentacles
a: no special abilities


You were on level 1 of the Dungeon.
You visited 1 branch of the dungeon, and saw 1 of its levels.

Inventory:

Hand Weapons
 a - a +0 trident (weapon)
Missiles
 c - 3 throwing nets (quivered)
 d - a javelin
Armour
 b - a +0 hat (worn)


   Skills:
 + Level 2.3 Fighting
 + Level 3.2 Polearms
 + Level 2.3 Throwing
 + Level 3.2 Dodging


You had one spell level left.
You didn't know any spells.
Your spell library was empty.

Dungeon Overview and Level Annotations

Branches:
Dungeon (1/15)

Altars:


Innate Abilities, Weirdness & Mutations

You cannot wear most types of armour.
You are amphibious.
You can wear up to eight rings at the same time.
Your skin changes colour to match your surroundings (Stealth+).
Your rubbery body absorbs attacks. (AC +1, EV +1)
((You are camouflaged when in or above water. (Stealth+)))
You have tentacles for arms and can constrict up to eight enemies at once.


Message History

You kill the goblin!
You have reached level 2!
You completely miss the endoplasm. The endoplasm closely misses you.
A jackal comes into view.
The gnoll shouts!
The jackal barks!
You hit the endoplasm but do no damage.
You hear a shout!
The endoplasm freezes you.
You are frozen.
The endoplasm jiggles.
The endoplasm barely misses you.
You hit the endoplasm.
You kill the endoplasm!
The gnoll misses you.
You reach to attack!
You closely miss the gnoll. The jackal barely misses you.
The gnoll hits you from afar with a +0 spear.
The jackal bites you. The gnoll barely misses you.
You are too injured to fight recklessly!
You barely miss the gnoll. You grab the gnoll. You constrict the gnoll.
The jackal bites you. The gnoll hits you with a +0 spear.
* * * LOW HITPOINT WARNING * * *
The jackal misses you.
A jackal comes into view.
You are too injured to fight recklessly!
You are too injured to fight recklessly!
You completely miss the gnoll.
The gnoll is lightly wounded.
You constrict the gnoll. The jackal barely misses you.
The gnoll barely misses you.
The jackal barks!
You hit the gnoll. You squeeze the gnoll!
The gnoll is almost dead.
You constrict the gnoll.
You kill the gnoll!
You hear a bark!
You hear a shout!
The jackal completely misses you. The jackal bites you.
* * * LOW HITPOINT WARNING * * *
A jackal comes into view. x2
The jackal bites you.
You die...

..... #.. .#..# .. ...#
.# # #..##.# . #.#.....
... ##########
.....##..#. #........#
#........h
#........#####)@h#.#.#
#............#h#...h..#
#............#.)..#....
#......................
#............#.........
#†................####
#.................#
##................[..
.................#####


You could see 4 jackals.

Vanquished Creatures
  A gnoll (D:1)
  2 endoplasms (D:1)
  A giant cockroach (D:1)
  A goblin (D:1)
  A quokka (D:1)
  2 rats (D:1)
8 creatures vanquished.

Notes
Turn   | Place    | Note
-------+----------+-------------------------------------------
     0 | D:1      | dialectric the Octopode Gladiator began the quest for the
                  | Orb.
     0 | D:1      | Reached XP level 1. HP: 14/14 MP: 1/1
    67 | D:1      | Reached XP level 2. HP: 19/19 MP: 2/2
    75 | D:1      | Slain by a jackal

Illustrated notes

Levels and vault maps discovered:
D:1:      lemuel_arrival_muddy, layout_rooms, serial_shops,
          nicolae_shop_pleasant_corner_grove,
          dreamdust_ecumenical_altar_hidden_monk_grotto, minmay_small_reverse_x

Action                     || total
---------------------------++-------
  Melee: Trident           ||    19
         Constrict         ||     2
         Tentacles         ||     2
   Stab: Sleeping          ||     1
 Armour: Skin              ||     9
  Dodge: Dodged            ||    12

Table legend: (Time is in decaauts)
 A = Elapsed time spent in this place.
 B = Non-inter-level travel time spent in this place.
 C = Inter-level travel time spent in this place.
 D = Time resting spent in this place.
 E = Time spent auto-exploring this place.
 F = Levels seen in this place.
 G = Mean time per level.
                   A        B        C        D        E       F      G
               +--------+--------+--------+--------+--------+-----+--------+
         Total |     77 |     77 |      0 |      0 |     40 |   1 |   77.0 |
       Dungeon |     77 |     77 |      0 |      0 |     40 |   1 |   77.0 |
               +--------+--------+--------+--------+--------+-----+--------+

Top non-repeatable levels by time:
     D:1: 77 daAuts
